 Dungeon Crawl Stone Soup version 0.29.1-15-g9cfb28693d (webtiles) character file.

Game seed: 6925452806566405929

91 javelincjr the Magician (level 4, -2/33 HPs)
             Began as a Demonspawn Hedge Wizard on Mar 31, 2023.
             Slain by an orc
             ... wielding a +0 short sword
              (3 damage)
             ... on level 3 of the Dungeon.
             The game lasted 00:06:22 (2805 turns).

javelincjr the Magician (Demonspawn Hedge Wizard)   Turns: 2805, Time: 00:06:23

Health: -2/33      AC:  8    Str: 12    XL:     4   Next: 34%
Magic:  1/8        EV: 12    Int: 15    God:
Gold:   30         SH:  0    Dex: 13    Spells: 8/9 levels left

rFire   . . .      SeeInvis .   a - +0 dagger
rCold   . . .      Faith    .   (no shield)
rNeg    . . .      Spirit   .   b - +0 robe
rPois   .          Reflect  .   c - +0 hat
rElec   .          Harm     .   (no cloak)
rCorr   .          Rampage  .   (no gloves)
Will    .....                   (no boots)
Stlth   ++........              (no amulet)
HPRegen 0.11/turn               (no ring)
MPRegen 0.11/turn               (no ring)

@: sanguine armoured
A: ignite blood 1, sanguine armour 1, demonic magic 1
a: no special abilities


You were on level 3 of the Dungeon.
You visited 1 branch of the dungeon, and saw 3 of its levels.

You collected 30 gold pieces.

Inventory:

Hand Weapons
 a - a +0 dagger (weapon)
Missiles
 h - 6 poisoned darts
Armour
 b - a +0 robe (worn)
 c - a +0 hat (worn)
Wands
 k - a wand of quicksilver (3)
Scrolls
 e - 6 scrolls of identify {unknown}
 g - 2 scrolls of teleportation {unknown}
 i - a scroll of torment {unknown}
 j - a scroll of noise {unknown}
 l - a scroll of fear {unknown}
Potions
 d - 2 potions of magic
 f - a potion of heal wounds {unknown}
 m - a potion of ambrosia {unknown}


   Skills:
 * Level 1.7 Fighting
 + Level 0.9 Armour
 + Level 2.3 Dodging
 - Level 2.1 Stealth
 - Level 3.2 Spellcasting
 - Level 1.4 Conjurations
 - Level 1.5 Summonings
 - Level 1.3 Translocations


You had 8 spell levels left.
You knew the following spells:

 Your Spells              Type           Power      Damage    Failure   Level
a - Magic Dart            Conj           24%        1d4       11%         1

Your spell library contained the following spells:

 Spells                   Type           Power      Damage    Failure   Level
 Call Imp                 Summ           6%         N/A       16%         2
 Blink                    Tloc           12%        N/A       17%         2
 Slow                     Hex            8%         N/A       21%         1
 Conjure Flame            Conj/Fire      4%         6-21      41%         3
 Mephitic Cloud           Conj/Pois/Air  3%         N/A       43%         3
 Cause Fear               Hex            1%         N/A       89%         4
 Fireball                 Conj/Fire      2%         3d4       99%         5
 Starburst                Conj/Fire      2%         6d3       100%        6
 Dragon Form              Tmut           1%         N/A       100%        7
 Ignition                 Fire           1%         3d3       100%        8
 Dragon's Call            Summ           3%         N/A       100%        9


Dungeon Overview and Level Annotations

Branches:
Dungeon (3/15)

Altars:
Trog


Innate Abilities, Weirdness & Mutations

Your demonic aura sometimes causes spilled blood to erupt in flames.
When seriously injured, your blood forms armour. (AC +6)
Spells you cast may paralyse adjacent enemies.


Message History

You hit the orc wizard.
The orc wizard is heavily wounded.
The helpless orc wizard fails to defend itself.
You hit the orc wizard.
The orc wizard is severely wounded.
The helpless orc wizard fails to defend itself.
You puncture the orc wizard!
You kill the orc wizard!
You have reached level 4!
You feel agile.
Your demonic ancestry asserts itself...
Your blood heats up.
Casting: Magic Dart (safe; 11% risk of failure)
Confirm with . or Enter, or press ? or * to list all spells.
Aiming: Magic Dart (safe; 11% risk of failure)
Press: ? - help, Shift-Dir - straight line, f - orc
Aim: an orc, wielding a +2 mace of distortion and wearing a +0 scale mail (100% to hit)
The magic dart hits the orc.
The orc is moderately wounded.
Malevolent energies surge around you.
The orc hits you with a +2 mace of distortion!
Space warps horribly around you!!
Ouch! That really hurt!
* * * LOW HITPOINT WARNING * * *
Your blood congeals into armour.
The helpless orc fails to defend itself.
You puncture the orc!
You kill the orc!
Your magical contamination has completely faded away.
Okay, then.
Casting: Magic Dart (safe; 11% risk of failure)
Confirm with . or Enter, or press ? or * to list all spells.
Aiming: Magic Dart (safe; 11% risk of failure)
Press: ? - help, Shift-Dir - straight line, f/p - orc
Aim: an orc, wielding a +2 mace of distortion and wearing a +0 scale mail (moderately wounded, 100% to hit)
The magic dart hits the orc.
The orc is heavily wounded.
Malevolent energies surge around you.
The orc suddenly stops moving!
The orc closely misses you. The orc attacks as you move away!
The orc hits you with a +0 short sword.
You die...

#.#.#.#####
####.#.#......
####....#.#######
.............>#
##..###.####.#
####......#
#....##.###
###.##.##.#
########o@.##....#
.......#o#########
.........#
.......### .......
....... ......!
....... $.#####


You could see 2 orcs.

Vanquished Creatures
  An orc wizard (D:3)
  2 adders (D:2)
  A worm (D:2)
  A dart slug (D:1)
  2 orcs (D:3)
  3 bats
  3 endoplasms
  4 giant cockroaches
  2 goblins (D:2)
  A hobgoblin (D:1)
  4 jackals (D:1)
  2 quokkas
  7 ball pythons
  3 frilled lizards
  4 kobolds
40 creatures vanquished.

Notes
Turn   | Place    | Note
-------+----------+-------------------------------------------
     0 | D:1      | javelincjr the Demonspawn Hedge Wizard began the quest for
                  | the Orb.
     0 | D:1      | Reached XP level 1. HP: 13/13 MP: 4/4
   229 | D:1      | Reached skill level 1 in Translocations
   443 | D:1      | Gained mutation: Spells you cast may paralyse adjacent
                  | enemies. [demonic ancestry]
   443 | D:1      | Reached XP level 2. HP: 17/19 MP: 0/6
  1582 | D:1      | Gained mutation: When seriously injured, your blood forms
                  | armour. (AC +6) [demonic ancestry]
  1582 | D:1      | Reached XP level 3. HP: 24/24 MP: 0/7
  2131 | D:2      | Found a faded altar of an unknown god.
  2139 | D:2      | Prayed at the altar of an unknown god.
  2139 | D:2      | Became a worshipper of Trog the Wrathful
  2139 | D:2      | Reached * piety under Trog
  2230 | D:2      | Fell from the grace of Trog
  2485 | D:2      | Reached skill level 1 in Fighting
  2802 | D:3      | Gained mutation: Your demonic aura sometimes causes spilled
                  | blood to erupt in flames. [demonic ancestry]
  2802 | D:3      | Reached XP level 4. HP: 33/33 MP: 2/8
  2802 | D:3      | HP: 1/33 [orc/+2 mace of distortion (22)]
  2805 | D:3      | Slain by an orc

Illustrated notes

Levels and vault maps discovered:
D:1:      wander_arrival_desolate, layout_loops_corners, serial_park_tiny_1,
          hangedman_decor_opposing
D:2:      layout_loops_cross, hellmonk_ecumenical_altar_lost_god,
          chequers_serial_rivers_small_a
D:3:      layout_basic, nicolae_overflow_hidden_temple,
          chequers_temple_overflow_statue_of_worship

Skill      XL: |  1  2  3 |
---------------+----------+-----
Translocations | 1 |  1.3
Stealth        | 2 |  2.1
Dodging        | 2 |  2.3
Fighting       | 1 |  1.7
Armour         | |  0.9
Spellcasting   | |  3.2
Conjurations   | |  1.4
Summonings     | |  1.5

Action                   |  1- 3 |  4- 6 || total
-------------------------+-------+-------++-------
Melee: Dagger            |    62 |     1 ||    63
       Punch             |     1 |       ||     1
 Cast: Magic Dart        |    77 |     2 ||    79
Invok: Berserk           |     1 |       ||     1
       Renounce Religion |     1 |       ||     1
 Stab: Paralysed         |    18 |     1 ||    19
       Sleeping          |     1 |       ||     1
Armor: Robe              |    12 |       ||    12
Dodge: Dodged            |    42 |     1 ||    43
